[Event "*** Titled Tuesday 3|2 Blitz"]
[Site "Chess.com"]
[Date "2015.11.03"]
[Round "4"]
[White "DeviatkinAndrey"]
[Black "SerGo055"]
[Result "0-1"]
[WhiteElo "2450"]
[BlackElo "2423"]
[TimeControl "180+2"]
[EndTime "17:50:49 PST"]
[Termination "SerGo055 won by resignation"]

1. e4 d5 2. exd5 Qxd5 3. Nf3 Nf6 4. Nc3 Qd8 5. d4 Bg4 6. h3 Bxf3 7. Qxf3 c6 8. Be3 e6 9. Bd3 Nbd7 10. O-O Be7 11.
Ne4 O-O 12. Rfd1 Nxe4 13. Qxe4 Nf6 14. Qh4 Qa5 15. c4 Rfe8 16. a3 Rad8 17. b4 Qh5 18.
Qxh5 Nxh5 19. Be2 Nf6 20. Bf3 Rd7 21. Rab1 Rc8 22. a4 Kf8 23. a5 Bd8 24. g4 Ne8 25.
d5 cxd5 26. cxd5 exd5 27. Bxa7 Rc3 28. Rxd5 Rxd5 29. Bxd5 Nd6 30. Bc5 Ke7 31. Re1+ Kd7 32. Rd1 Kc7 33. Bb6+ Kc8 34. Bxd8 Kxd8 35. Bxb7 Kc7 36.
Bg2 Rb3 37. Rd4 Nb5 38. Rc4+ Kb8 39. Kh2 Nd6 40. Rc6 Nc8 41. Rc4 Nd6 42. Rd4 Kc7 43. h4 Nb5 44. Rc4+ Kb8 45. g5 Nd6 46. Rd4 Kc7 47.
Bd5 Rb2 48. Kg2 Nf5 49. Re4 f6 50. gxf6 gxf6 51. Rf4 Ne3+ 52. Kf3 Nxd5 53. Rf5 Kd6 54. Rh5 Rb3+ 55. Kg4 Rxb4+ 56. Kg3 Rb7 57. Kf3 Ra7 58.
Ke4 Rxa5 59. Rxh7 Ke6 60. Kf3 Kf5 61. Rh5+ Kg6 62. Rh8 Ra3+ 63. Ke4 Nc3+ 64. Kf3 Nb5+ 65. Kg4 Ra4+ 66. Kg3 Nd6 67. Rg8+ Kf7 68. Rb8 Nf5+ 69. Kh3 Rxh4+ 70. Kg2 Rf4 71. Rb2 Kg6 72. Kh3 Rf3+ 73. Kg4 Rd3 74. Rb8 Ng7 75. Rb5 Ne6 76. Ra5 Rd4+ 77.
Kg3 Ng5 78. Rb5 Rd3+ 79. Kg4 Ne4 80. Rb2 f5+ 81. Kf4 Nf6 82. Rb6 Rd4+ 83. Kf3 Kg5 84. Kg2 Rg4+ 85. Kf3 Rf4+ 86. Kg2 Ng4 87. f3 Ne5 88.
Rb3 Rd4 89. Rb5 Kf4 90. Rb3 Rd2+ 91. Kh3 Nxf3 92. Rb4+ Kg5 93. Kg3 Ne5 94. Rb5 Rd3+ 95. Kg2 Ng4 96. Rb2 f4 97. Ra2 Rg3+ 98. Kf1 Ne3+ 99.
Ke1 Rg1+ 100. Ke2 Rg2+ 101. Kf3 Rxa2 0-1

[Event "*** Titled Tuesday 3|2 Blitz"]
[Site "Chess.com"]
[Date "2015.11.03"]
[Round "5"]
[White "Penguininja"]
[Black "Anton_Demchenko"]
[Result "0-1"]
[WhiteElo "2166"]
[BlackElo "2625"]
[TimeControl "180+2"]
[EndTime "17:53:48 PST"]
[Termination "Anton_Demchenko won by checkmate"]

1. d4 Nf6 2. Nf3 g6 3. c4 Bg7 4. Nc3 O-O 5. Bg5 c5 6. d5 d6 7. e3 Qb6 8. Qc2 Bf5 9. e4 Bg4 10. Nd2 Na6 11. f3 Bd7 12. Be2 h6 13. Bh4 g5 14. Bf2 Nh5 15. O-O Nf4 16. Bd1 Nb4 17. Qb3 Nbd3 18. Qxb6 axb6 19. Rb1 Nxf2 20. Kxf2 Bd4+ 21. Kg3 Nh5# 0-1

[Event "*** Titled Tuesday 3|2 Blitz"]
[Site "Chess.com"]
[Date "2015.11.03"]
[Round "5"]
[White "ItalianMachine"]
[Black "WanderingPuppet"]
[Result "1-0"]
[WhiteElo "2257"]
[BlackElo "2160"]
[TimeControl "180+2"]
[EndTime "17:55:44 PST"]
[Termination "ItalianMachine won by resignation"]

1. e4 c5 2. Nc3 d6 3. f4 Nc6 4. g3 h5 5. Bg2 h4 6. g4 Nd4 7. h3 g6 8. Nce2 Bg7 9. c3 Nxe2 10. Nxe2 e6 11. d4 Qb6 12. O-O Ne7 13. Kh1 f5 14. exf5 gxf5 15. dxc5 Qxc5 16. Nd4 Bd7 17. Be3 Nd5 18. Bg1 Qb6 19. Nxf5 Qxb2 20. Nxg7+ Kf7 21. Nxe6 Bxe6 22. Bxd5 Rhe8 23. f5 Bxd5+ 24. Qxd5+ Kf8 25. Qxd6+ Re7 26. f6 1-0

[Event "*** Titled Tuesday 3|2 Blitz"]
[Site "Chess.com"]
[Date "2015.11.03"]
[Round "5"]
[White "Alliswell998"]
[Black "saraswathii"]
[Result "1-0"]
[WhiteElo "2108"]
[BlackElo "1891"]
[TimeControl "180+2"]
[EndTime "17:56:59 PST"]
[Termination "Alliswell998 won on time"]

1. e4 c5 2. Nc3 e6 3. f4 d5 4.
Nf3 Nc6 5. Bb5 d4 6. Bxc6+ bxc6 7. Nb1 Ba6 8. d3 Nf6 9. O-O Be7 10. Nbd2 O-O 11. b3 Bc8 12. Ne5 Qc7 13. a4 Nd7 14. Ndc4 Nxe5 15. fxe5 Ba6 16. Bf4 Bxc4 17. bxc4 Rfb8 18.
Qh5 h6 19. Bxh6 gxh6 20. Qxf7+ Kh8 21. Qxe6 Rf8 22. Qxh6+ Kg8 23. Qg6+ 1-0

[Event "*** Titled Tuesday 3|2 Blitz"]
[Site "Chess.com"]
[Date "2015.11.03"]
[Round "5"]
[White "ArnaudovP"]
[Black "AdrianaNikolova"]
[Result "1-0"]
[WhiteElo "2315"]
[BlackElo "2206"]
[TimeControl "180+2"]
[EndTime "17:57:30 PST"]
[Termination "ArnaudovP won by checkmate"]

1. Nf3 Nf6 2. c4 e6 3. g3 d5 4. Bg2 Be7 5. O-O O-O 6. d4 dxc4 7. Qc2 a6 8. a4 Bd7 9. Rd1 Bc6 10. Nc3 Nd5 11. e4 Nb4 12. Qe2 b5 13. axb5 axb5 14. Rxa8 Bxa8 15. Nxb5 Nd3 16. Nc3 Nc6 17. Be3 Ncb4 18.
Nd2 Nxb2 19. Rb1 N2d3 20. Nxc4 f5 21. Rd1 fxe4 22. Nxe4 c5 23. Rxd3 Nxd3 24. Qxd3 cxd4 25. Bxd4 Bf6 26. Nxf6+ gxf6 27. Bxa8 Qxa8 28. h4 e5 29. Be3 Rd8 30. Qe2 Qa1+ 31. Kg2 Rd1 32. Qg4+ Kf8 33. Bc5+ Ke8 34. Nd6+ Ke7 35. Qg7+ Ke6 36. Qf7# 1-0

[Event "*** Titled Tuesday 3|2 Blitz"]
[Site "Chess.com"]
[Date "2015.11.03"]
[Round "5"]
[White "Boryboy"]
[Black "AlexanderL"]
[Result "1/2-1/2"]
[WhiteElo "2490"]
[BlackElo "2555"]
[TimeControl "180+2"]
[EndTime "17:57:40 PST"]
[Termination "Game drawn by agreement"]

1. d4 d5 2. Nf3 Nf6 3. c4 c6 4. e3 Bg4 5. Qb3 Qb6 6. Nc3 e6 7. Nh4 Nbd7 8. h3 Bh5 9. g4 Bg6 10. Nxg6 hxg6 11. Bg2 Qb4 12. c5 Qxb3 13. axb3 a6 14.
b4 Rc8 15. f4 Be7 16. Bd2 Bd8 17. Ke2 Bc7 18. Kf2 Rh7 19. Bf3 Ke7 20. Kg2 Rch8 21.
Ne2 Kd8 22. Ng3 Kc8 23. Be2 Ng8 24. Bd3 f5 25. g5 Ne7 26. Ne2 Nf8 27. Nc1 Nd7 28. Nb3 Bd8 29. Na5 Nb8 30. Be1 Rh5 31. Nb3 Bc7 32. Be2 Nd7 33. Bg3 Kb8 34. Bxh5 gxh5 35.
h4 g6 36. Na5 Nc8 37. Ra2 Na7 38. Rha1 Nb5 39. Be1 Kc8 40. Bd2 Re8 41. Nb3 Bd8 42.
Kf3 Be7 43. Bc3 Bf8 44. Re1 Kc7 45. Raa1 Bg7 46. Ra2 Re7 47. Nd2 1/2-1/2

[Event "*** Titled Tuesday 3|2 Blitz"]
[Site "Chess.com"]
[Date "2015.11.03"]
[Round "5"]
[White "TheLancer"]
[Black "MMSANCHEZ"]
[Result "0-1"]
[WhiteElo "2308"]
[BlackElo "2315"]
[TimeControl "180+2"]
[EndTime "17:58:14 PST"]
[Termination "MMSANCHEZ won by resignation"]

1. e4 e6 2. d4 d5 3. Nc3 Bb4 4. e5 c5 5. a3 Bxc3+ 6. bxc3 Ne7 7. Nf3 b6 8. Bb5+ Bd7 9. Be2 Qc7 10. h4 h6 11. h5 Nbc6 12. Bd2 c4 13. a4 O-O-O 14.
Bc1 f6 15. Bf4 g5 16. hxg6 Nxg6 17. Bg3 fxe5 18. Nxe5 Ncxe5 19. dxe5 Rdf8 20. Qd4 Ne7 21. Bg4 Nf5 22. Bxf5 Rxf5 23. a5 Kb7 24. axb6 Qxb6 25. O-O Qxd4 26. cxd4 a6 27. Rfb1+ Bb5 28. c3 h5 29. f3 h4 30. Bh2 h3 31. Rb2 hxg2 32.
Kxg2 Rg8+ 33. Kh1 Rxf3 34. Rc2 Ka7 35. Rb2 Be8 36. Rab1 Rg7 37. Rb8 Bh5 38. Rd8 Rh3 39.
Rf8 Bf3+ 40. Rxf3 Rxf3 0-1

[Event "*** Titled Tuesday 3|2 Blitz"]
[Site "Chess.com"]
[Date "2015.11.03"]
[Round "5"]
[White "Sadovsky_Artem"]
[Black "jcibarra"]
[Result "1/2-1/2"]
[WhiteElo "2469"]
[BlackElo "2538"]
[TimeControl "180+2"]
[EndTime "17:58:58 PST"]
[Termination "Game drawn by repetition"]

1. e4 c5 2. Nf3 e6 3. c4 Nc6 4. Nc3 Nf6 5. Be2 Qc7 6. O-O Ng4 7. h3 h5 8. Re1 Nd4 9. d3 Nxf3+ 10.
Bxf3 Qh2+ 11. Kf1 Ne5 12. Be3 b6 13. Nb5 Kd8 14. Ke2 Nxf3 15. Kxf3 Qe5 16. Ke2 Qxb2+ 17.
Kf1 a6 18. Rb1 Qe5 19. d4 Qh2 20. Nc3 Qh1+ 21. Ke2 Qxg2 22. Rg1 Qxh3 23. Rg3 Qh2 24. Rxb6 h4 25. Rg4 Qc7 26. Na4 cxd4 27. Qxd4 Rh5 28. Rxg7 Bxg7 29. Qxg7 Qxc4+ 30. Kf3 Qxa4 31. Qf8+ Kc7 32.
Qd6+ Kd8 33. Qf8+ Kc7 34. Qd6+ Kd8 35. Bg5+ Rxg5 36. Qf8+ Kc7 37. Qd6+ Kd8 38. Qf8+ Kc7 39. Qd6+ Kd8 1/2-1/2

[Event "*** Titled Tuesday 3|2 Blitz"]
[Site "Chess.com"]
[Date "2015.11.03"]
[Round "5"]
[White "jcgs1030"]
[Black "gauranga"]
[Result "1-0"]
[WhiteElo "2130"]
[BlackElo "1970"]
[TimeControl "180+2"]
[EndTime "17:59:03 PST"]
[Termination "jcgs1030 won on time"]

1. e4 b6 2. d4 Bb7 3. f3 e6 4. Be3 c5 5. Ne2 cxd4 6. Nxd4 d6 7. Nc3 a6 8. Qd2 Nd7 9. O-O-O Qc7 10. Kb1 Ngf6 11. g4 h6 12. h4 Ne5 13. Qf2 b5 14. Rg1 Nfd7 15. g5 hxg5 16. hxg5 g6 17. f4 Nc4 18. Bxc4 Qxc4 19. f5 b4 20. fxe6 fxe6 21. Rgf1 Rh7 22. Na4 e5 23. Nb6 Nxb6 24. Qxf8+ Kd7 25.
Qf6 exd4 26. Rxd4 Qe6 27. Qxe6+ Kxe6 28. Rf6+ Ke7 29. Rxb4 Rh1+ 30. Bc1 Nd7 31. Rxb7 Rg8 32. b3 1-0

[Event "*** Titled Tuesday 3|2 Blitz"]
[Site "Chess.com"]
[Date "2015.11.03"]
[Round "5"]
[White "GrigorGrigorov"]
[Black "Fh2411"]
[Result "1-0"]
[WhiteElo "2420"]
[BlackElo "2320"]
[TimeControl "180+2"]
[EndTime "17:59:06 PST"]
[Termination "GrigorGrigorov won by resignation"]

1. d4 d5 2. Nf3 Nf6 3. c4 c6 4. Nbd2 h6 5. Qc2 Nbd7 6. e3 e6 7. Bd3 Bd6 8. O-O Qe7 9. Re1 O-O 10. e4 dxe4 11. Nxe4 Nxe4 12. Bxe4 Nf6 13. Bd3 Rd8 14.
c5 Bc7 15. b4 b6 16. Bd2 Bb7 17. a4 a5 18. Rab1 axb4 19. Bxb4 Nd5 20. Bd2 Ba6 21. Bh7+ Kh8 22. Be4 bxc5 23. dxc5 Qf6 24. Rb3 Bf4 25. Ba5 Rdb8 26. g3 Rxb3 27. Qxb3 Rb8 28. Qc2 Bc7 29.
Bxc7 Nxc7 30. Bxc6 Nd5 31. Ne5 Nb4 32. Qe4 Nxc6 33.
Qxc6 Bb7 34. Qc7 Rc8 35. Qxb7 1-0

[Event "*** Titled Tuesday 3|2 Blitz"]
[Site "Chess.com"]
[Date "2015.11.03"]
[Round "5"]
[White "LePlusMortel"]
[Black "Tirantes"]
[Result "1-0"]
[WhiteElo "2426"]
[BlackElo "2230"]
[TimeControl "180+2"]
[EndTime "17:59:09 PST"]
[Termination "LePlusMortel won on time"]

1. Nf3 d6 2. d4 Nf6 3. c4 Nbd7 4.
Nc3 e5 5. e4 Be7 6. Be2 O-O 7.
O-O c6 8. Re1 a6 9. h3 b5 10. a3 Bb7 11. Be3 Re8 12. d5 bxc4 13. Bxc4 cxd5 14. Nxd5 Nxe4 15. Rc1 Rc8 16. Qb3 Nec5 17.
Qa2 Rf8 18. b4 Ne6 19. Red1 Kh8 20. Nd2 Bg5 21. Ne4 Bxd5 22. Bxd5 Bxe3 23. fxe3 Rxc1 24. Rxc1 Nf6 25. Nxf6 Qxf6 26. Rf1 Qe7 27. Bxe6 fxe6 28. Rxf8+ Qxf8 29. Qxe6 h6 30. Qd7 Qb8 31. Qc6 a5 32. b5 e4 33. b6 Kh7 34. Qxe4+ 1-0

[Event "*** Titled Tuesday 3|2 Blitz"]
[Site "Chess.com"]
[Date "2015.11.03"]
[Round "5"]
[White "DeviatkinAndrey"]
[Black "kharposh"]
[Result "1-0"]
[WhiteElo "2453"]
[BlackElo "2087"]
[TimeControl "180+2"]
[EndTime "17:59:59 PST"]
[Termination "DeviatkinAndrey won by resignation"]

1. d4 d5 2. c4 e6 3. Nc3 Be7 4. Bf4 Nf6 5. e3 O-O 6. Nf3 c5 7. Bd3 dxc4 8. Bxc4 cxd4 9. exd4 Nc6 10. O-O Nd5 11.
Bg3 Nxc3 12. bxc3 Bf6 13. Qe2 b6 14. Rfd1 Na5 15. Bd3 Bb7 16. Ne5 g6 17. c4 Nc6 18. Be4 Rc8 19. Rac1 Bg7 20. Qe3 Qe7 21. Nxc6 Bxc6 22. Bxc6 Rxc6 23. d5 Rcc8 24. d6 Qd7 25. c5 bxc5 26. Rxc5 Rxc5 27. Qxc5 Rc8 28. Qxc8+ Qxc8 29. d7 Qd8 30. Bc7 Bf6 31. Bxd8 Bxd8 32. Rc1 Kf8 33. Rd1 Ke7 34. Kf1 e5 35. Ke2 e4 36.
Ke3 f5 37. f3 Bb6+ 38. Kf4 Bc7+ 39. Kg5 e3 40. f4 Kd8 41. Re1 Bb6 42. Kh6 Kxd7 43.
Kxh7 Ke6 44. Kxg6 Bd4 45. h4 Kd5 46. Kxf5 Bc5 47. h5 Kd4 48. g4 Bb4 49. Rh1 e2 50. g5 e1=Q 51. Rxe1 Bxe1 52. h6 Kd3 53. g6 Bc3 54. g7 1-0

[Event "*** Titled Tuesday 3|2 Blitz"]
[Site "Chess.com"]
[Date "2015.11.03"]
[Round "5"]
[White "chesstatour"]
[Black "Tesla17"]
[Result "0-1"]
[WhiteElo "1928"]
[BlackElo "2209"]
[TimeControl "180+2"]
[EndTime "18:00:42 PST"]
[Termination "Tesla17 won on time"]

1. d4 Nf6 2. c4 g6 3. Nc3 d5 4.
f3 c5 5. cxd5 Nxd5 6. e4 Nxc3 7.
bxc3 Bg7 8. Be3 Nc6 9. Bb5 O-O 10. Ne2 cxd4 11. Nxd4 Nxd4 12. Bxd4 e5 13. Bc5 Qa5 14. Bxf8 Qxc3+ 15. Kf1 Bxf8 16. h4 Be6 17. Be2 Bc5 18.
Rc1 Qe3 19. Qe1 Rd8 20. Rc3 Qd4 21. Rd3 Qxd3 22. Bxd3 Rxd3 23. Qc1 b6 24. Ke2 Ra3 25. Rd1 Rxa2+ 26. Rd2 Ra4 27. Rd8+ Kg7 28. h5 h6 29.
hxg6 fxg6 30. g4 Bc4+ 31. Ke1 Bd4 32. Rd7+ Kf6 33. Rxd4 exd4 34. Qf4+ Ke6 35. Qxh6 Kd6 36. Qxg6+ Kc5 37. Qf6 d3 38. Qe5+ Kb4 39. Qb2+ Ka5 40.
g5 Ra2 41. Qc3+ Kb5 42. Qe5+ Kb4 43. Qd6+ Kb3 44. g6 d2+ 45. Kd1 Kc3 46. Qe5+ Kd3 47. Qd6+ Ke3 0-1

[Event "*** Titled Tuesday 3|2 Blitz"]
[Site "Chess.com"]
[Date "2015.11.03"]
[Round "5"]
[White "Izoria123"]
[Black "wanyaland"]
[Result "0-1"]
[WhiteElo "2446"]
[BlackElo "2236"]
[TimeControl "180+2"]
[EndTime "18:00:47 PST"]
[Termination "wanyaland won on time"]

1. d4 d5 2. Nf3 c6 3. Bf4 Nf6 4. e3 e6 5. c4 Ne4 6. Nfd2 f5 7. Nxe4 fxe4 8. Nc3 Be7 9. Be2 O-O 10. Qb3 Kh8 11.
O-O Nd7 12. a4 a5 13. f3 exf3 14. Rxf3 Bf6 15. Raf1 Re8 16. cxd5 exd5 17. Qc2 Nf8 18. Bd3 Be6 19. h3 Bg8 20. b3 Rc8 21. Qf2 c5 22.
Nb5 c4 23. Bc2 Rc6 24. bxc4 dxc4 25. e4 Be7 26. d5 Bc5 27. Be3 Bxe3 28. Qxe3 Rc8 29.
Qd4 Ng6 30. d6 Ne5 31. Rf5 Nd7 32. Rf7 Bxf7 33. Rxf7 Ne5 34. Rxb7 Qg5 35. Bd1 Rcd8 36. Nc7 Nc6 37. Qf2 Rf8 38. Bf3 Qe5 39. Nb5 c3 40.
Rc7 Nb4 41. Rxc3 Rxd6 42. Rc1 Nd3 43. Qe3 Nxc1 44. Qxc1 Rdd8 45. Kh1 Qg3 46. Qf1 Rde8 47. Nd6 Qxd6 0-1

[Event "*** Titled Tuesday 3|2 Blitz"]
[Site "Chess.com"]
[Date "2015.11.03"]
[Round "5"]
[White "fastestmindalive"]
[Black "kikydu96"]
[Result "1/2-1/2"]
[WhiteElo "2325"]
[BlackElo "2226"]
[TimeControl "180+2"]
[EndTime "18:00:48 PST"]
[Termination "Game drawn by repetition"]

1. e4 e5 2. Nf3 Nc6 3. d4 exd4 4. Bc4 Nf6 5. e5 d5 6. Bb5 Ne4 7. Nxd4 Bd7 8. Bxc6 bxc6 9. O-O Bc5 10. f3 Ng5 11.
f4 Ne4 12. Be3 Bb6 13. Nc3 Nxc3 14. bxc3 O-O 15. f5 Re8 16. Bf4 c5 17. Nb3 Bxf5 18.
Kh1 Be4 19. Qh5 Bg6 20. Qg4 a5 21. a4 Bxc2 22. Nd2 Bg6 23. h4 Qc8 24. Qg3 h5 25. Rae1 Qg4 26. Qh2 d4 27. c4 c6 28. Rf3 Bd8 29. Bg3 Ra7 30. Rf4 Qe6 31. Rff1 Rb7 32. Ne4 Be7 33. Nf6+ Bxf6 34. exf6 Qd7 35. Rxe8+ Qxe8 36.
fxg7 Rb1 37. Rxb1 Bxb1 38. Be5 f6 39. Bxf6 Qe1+ 40. Qg1 Qxg1+ 41. Kxg1 Bd3 42. Be7 Bxc4 43. Bxc5 d3 44. Be3 Bb3 45. Bd2 Bxa4 46. Bxa5 Kxg7 47.
Kf2 c5 48. Ke3 c4 49. g3 Kg6 50. Kd2 Kf5 51. Bc7 Ke4 52. Bb8 Bd7 53. Ba7 Be6 54. Bb6 Kf3 55. Bc7 Kf2 56. Bb8 Kf3 57. Bc7 Ke4 58.
Bb8 Kd4 59. Ba7+ Kd5 60. Bb8 Kc5 61. Ba7+ Kb4 62. Bd4 Kb3 63. Be5 Bg4 64. Bc3 Ka4 65. Bh8 Kb5 66. Bc3 Kc5 67. Bh8 Kd5 68. Bc3 Ke4 69.
Ba5 Bd7 70. Bc7 Bc8 71. Bb8 Bb7 72. Bc7 Kd5 73. Bb8 Kc6 74. Bf4 Kc5 75. Be3+ Kd5 76.
Ba7 Ke4 77. Bb6 Kf3 78. Bc7 Be4 79. Bb8 c3+ 80. Kxc3 Ke2 81. Bf4 Bf5 82. Bg5 Kf3 83. Bf4 Ke2 84. Bg5 Be4 85. Bf4 Bf5 86. Bh6 Be4 87. Bf4 Bf5 88. Bh6 Be4 89. Bf4 Bf5 1/2-1/2

[Event "*** Titled Tuesday 3|2 Blitz"]
[Site "Chess.com"]
[Date "2015.11.03"]
[Round "5"]
[White "ChadaevNikolay"]
[Black "Cryptochess"]
[Result "1/2-1/2"]
[WhiteElo "2562"]
[BlackElo "2423"]
[TimeControl "180+2"]
[EndTime "18:01:06 PST"]
[Termination "Game drawn - insufficient material"]

1. d4 Nf6 2. Nf3 e6 3. c4 Bb4+ 4. Nbd2 O-O 5. a3 Bxd2+ 6. Bxd2 b6 7. g3 Bb7 8. Bg2 d6 9. O-O a5 10. b3 Nbd7 11. Qc2 Qe7 12. Bc3 Ne4 13. Bb2 f5 14.
Rfd1 Ndf6 15. h3 Rad8 16. e3 g5 17. Nd2 c5 18. dxc5 bxc5 19. Nxe4 Bxe4 20. Qc3 Bxg2 21. Kxg2 e5 22. Qxa5 f4 23. exf4 gxf4 24. Qc3 Ne4 25. Qf3 fxg3 26. Qxe4 Rxf2+ 27. Kg1 Rxb2 28. Rd3 Rf8 29.
Rxg3+ Kh8 30. Qg4 Qf6 31. Kh1 Qg6 32. Qxg6 hxg6 33. Rxg6 Rf3 34. Kg1 Rxh3 35. Rd1 Rbxb3 36. a4 Rhd3 37. Rxd3 Rxd3 38. a5 Kh7 39. Re6 Kg7 40. a6 Kf7 41. Rh6 Ra3 42. Rxd6 Ke7 43. Rb6 Ra4 44.
Kf2 Rxc4 45. Ke3 Ra4 46. Kd3 Kd7 47. Rh6 Kc7 48. Kc3 e4 49. Re6 Kd7 50. Rh6 Ra3+ 51. Kc4 e3 52. Kxc5 e2 53. Rh1 Rxa6 54. Re1 Ra2 55. Kd4 Kd6 56. Kd3 Kd5 57. Rxe2 Ra3+ 58.
Kd2 Ra2+ 59. Ke1 Rxe2+ 60. Kxe2 1/2-1/2

[Event "*** Titled Tuesday 3|2 Blitz"]
[Site "Chess.com"]
[Date "2015.11.03"]
[Round "5"]
[White "Aygehovit1992"]
[Black "Malev212"]
[Result "1/2-1/2"]
[WhiteElo "2471"]
[BlackElo "2296"]
[TimeControl "180+2"]
[EndTime "18:01:11 PST"]
[Termination "Game drawn - insufficient material"]

1. e4 c5 2. Nf3 a6 3. Nc3 e6 4. d4 cxd4 5. Nxd4 d6 6. g4 b5 7.
Bg2 Bb7 8. Be3 h6 9. a3 Nd7 10. Qe2 Rc8 11. O-O Ngf6 12. h3 e5 13. Nf5 g6 14.
Ng3 Be7 15. Rad1 Qc7 16. f4 exf4 17. Bxf4 Ne5 18. Rf2 Nfd7 19. Nd5 Bxd5 20. exd5 Bf6 21. c3 Bg7 22. Ne4 O-O 23. Qd2 Kh7 24. Rdf1 Nc5 25. Nxc5 Qxc5 26. Be3 Qc7 27. Bd4 Rce8 28. Qc2 Re7 29. Qd1 Nc4 30. Bxg7 Kxg7 31. Qd4+ Ne5 32. Rf6 Rd8 33. Kh2 Kg8 34. h4 Qc4 35. Kg3 Qxd4 36. cxd4 Nc4 37. R1f2 Rdd7 38. h5 Kg7 39. hxg6 fxg6 40.
Re6 Rf7 41. Be4 Rxf2 42. Kxf2 Rf7+ 43. Ke2 Rf6 44. Re7+ Kf8 45. Ra7 Nxb2 46. Rxa6 Nc4 47. Bd3 Rf4 48. a4 Rxd4 49. axb5 Ne5 50. Bc2 Rb4 51. Rxd6 Rb2 52. Kd1 Rxb5 53. Bxg6 Nxg6 54. Rxg6 Rxd5+ 55. Ke2 Rg5 56. Rxh6 Rxg4 57. Kf3 Rg7 58. Rh4 Rf7+ 59. Rf4 Rxf4+ 60. Kxf4 1/2-1/2

[Event "*** Titled Tuesday 3|2 Blitz"]
[Site "Chess.com"]
[Date "2015.11.03"]
[Round "5"]
[White "simplerXiao"]
[Black "spirals5"]
[Result "1-0"]
[WhiteElo "2347"]
[BlackElo "2201"]
[TimeControl "180+2"]
[EndTime "18:01:16 PST"]
[Termination "simplerXiao won by resignation"]

1. e4 c5 2. Nf3 d6 3. d4 cxd4 4. Nxd4 Nf6 5. Nc3 a6 6. Bg5 Nbd7 7. Bc4 e6 8. Bb3 Nc5 9. Qe2 Nxb3 10. axb3 Be7 11. O-O-O Qc7 12. Kb1 Bd7 13. f4 h6 14.
Bh4 Bc6 15. e5 dxe5 16. fxe5 Nd5 17. Bxe7 Nxe7 18. Rhf1 O-O 19. Qh5 Rad8 20. Rf4 Ng6 21. Rff1 Qxe5 22. Qg4 h5 23. Nxc6 hxg4 24. Nxe5 Nxe5 25.
Rde1 f6 26. Rf2 Rd7 27. Ree2 Rfd8 28. Ka2 b5 29. b4 Rd4 30. Kb3 g3 31. hxg3 Rg4 32.
Ne4 Rd4 33. Rf4 Rxf4 34. gxf4 Nc4 35. Nc5 Rxf4 36. Nxe6 Rg4 37. Nc7 Rg3+ 38. c3 Ne3 39.
Nxa6 Nxg2 40. Nc7 Nf4 41. Re8+ Kf7 42. Rb8 Ne6 43. Nxb5 f5 44. Nd6+ Kf6 45. b5 Rd3 46. Nc4 f4 47. b6 Rd5 48. Kc2 f3 49. b7 Rb5 50. Nd6 Rb6 51. Rh8 f2 52. Rh1 Ng5 53. Rf1 Nh3 54. Ne4+ Ke7 55. Nxf2 Nxf2 56. Rxf2 Rxb7 57.
c4 Ke6 58. Kc3 g5 59. b4 Ke5 60. c5 g4 61. Kc4 Ke4 62. c6 Rc7 63. b5 g3 64. Rf8 Rg7 65. Re8+ Kf3 66. Re1 Kf2 67. Rc1 g2 68. Kc5 g1=Q 69. Rxg1 Rxg1 70. b6 Rc1+ 71. Kd6 Ke3 72. b7 Rb1 73. Kc7 Kd4 74. b8=Q Rxb8 75.
Kxb8 Kc5 76. c7 1-0

[Event "*** Titled Tuesday 3|2 Blitz"]
[Site "Chess.com"]
[Date "2015.11.03"]
[Round "5"]
[White "DanielNaroditsky"]
[Black "bugsbunny444"]
[Result "1/2-1/2"]
[WhiteElo "2528"]
[BlackElo "2338"]
[TimeControl "180+2"]
[EndTime "18:01:33 PST"]
[Termination "Game drawn by agreement"]

1. d4 e6 2. e4 d5 3. Nd2 Nf6 4. e5 Nfd7 5. Bd3 c5 6. c3 Nc6 7. Ngf3 g6 8. O-O Bg7 9. Re1 O-O 10. Nf1 cxd4 11. cxd4 Qb6 12. Bb1 f6 13. exf6 Nxf6 14. b3 Ng4 15. Ba3 Nxf2 16. Kxf2 Qxd4+ 17. Qxd4 Bxd4+ 18. Ne3 Bxa1 19. Bxf8 Kxf8 20. Ng5 Kg7 21. Nc2 Bc3 22. Re3 d4 23. Rh3 h6 24. Ne4 e5 25.
Rf3 Ba5 26. Nd6 Be6 27. Na3 Bb4 28. Nab5 Rf8 29. Nxb7 Rxf3+ 30. gxf3 Bf5 31. Be4 Bxe4 32. fxe4 g5 33. Nc7 Kg6 34. Nd5 Ba3 35. Kf3 Nb4 36. Ne7+ Kf7 37. Nc8 Nxa2 38. Nxa7 Nc1 39. Nb5 Bb4 40.
Nd8+ Kf6 41. Nc6 Be1 42. b4 d3 43. Nc7 d2 44. Nd5+ Ke6 45. Ne3 Nd3 46. b5 h5 47.
b6 Bf2 48. b7 Bxe3 49. b8=Q d1=Q+ 50. Kxe3 Qc1+ 51. Kxd3 Qxc6 52. Qg8+ Kd6 53. Qxg5 Qb5+ 54. Ke3 Qb3+ 55. Kf2 Qc2+ 56. Kf3 Qxh2 57. Qd8+ Ke6 58.
Qe8+ Kd6 59. Qd8+ Kc6 60. Qd5+ Kc7 61. Qc5+ Kd7 62. Qa7+ Kd6 63. Qb6+ Kd7 64. Qb7+ Kd6 65. Qb6+ Kd7 66. Qb7+ 1/2-1/2

[Event "*** Titled Tuesday 3|2 Blitz"]
[Site "Chess.com"]
[Date "2015.11.03"]
[Round "5"]
[White "ilmago"]
[Black "Viaje"]
[Result "0-1"]
[WhiteElo "1900"]
[BlackElo "2220"]
[TimeControl "180+2"]
[EndTime "18:02:02 PST"]
[Termination "Viaje won by resignation"]

1. e4 c5 2. Nf3 d6 3. d4 cxd4 4. Qxd4 a6 5. Be3 Nc6 6. Qd2 Nf6 7. Nc3 e6 8. O-O-O Be7 9. Be2 O-O 10. Kb1 b5 11.
Bf4 e5 12. Bg5 b4 13. Bxf6 Bxf6 14. Nd5 Be6 15. Nxf6+ Qxf6 16. Qxd6 Rfc8 17. Qd2 a5 18.
Bb5 a4 19. Bxc6 Rxc6 20. Qxb4 Rcc8 21. Qd2 Qe7 22. Qd6 Qa7 23. Rd2 Rab8 24. Qxe5 Qb6 25.
Rhd1 h6 26. Qd4 Qb7 27. b3 axb3 28. cxb3 Rd8 29. Qxd8+ Rxd8 30. Rxd8+ Kh7 31. Nd2 Qb6 32. Rf1 Qxd8 33. Kc2 Qc7+ 34. Kb1 Qxh2 35. g3 Qh5 36. f4 Qe2 37. Kc2 Qa6 38. a4 Qc6+ 39. Kb2 Qd6 40. Kc2 Qc5+ 41. Kb2 Qd4+ 42. Kc2 Qe3 43. f5 Bd7 44. Rf3 Qc5+ 45. Rc3 Qe5 46. Rd3 Bc6 47.
Re3 g5 48. Kd3 Qd6+ 49. Ke2 h5 50. Nc4 Qc5 51. e5 Kg7 52. e6 fxe6 53. fxe6 Qe7 54. Nb6 Bb7 55. b4 Kf8 56. b5 Ke8 57. a5 Qc5 58.
Nd7 Qxb5+ 59. Kf2 Qxa5 60. Nf6+ Ke7 61. Nxh5 Bd5 62. Ng7 Qd2+ 63. Re2 Qd4+ 64. Re3 Qxg7 65. Ke2 Bxe6 66. Kd3 Qb2 67. Ke4 Qb4+ 68. Kf3 Kf6 69. g4 Bd5+ 70. Kg3 Qf4+ 0-1

[Event "*** Titled Tuesday 3|2 Blitz"]
[Site "Chess.com"]
[Date "2015.11.03"]
[Round "5"]
[White "SerGo055"]
[Black "ZEN-22"]
[Result "1/2-1/2"]
[WhiteElo "2418"]
[BlackElo "2182"]
[TimeControl "180+2"]
[EndTime "18:02:37 PST"]
[Termination "Game drawn - insufficient material"]

1. d4 d6 2. Nf3 Nd7 3. b3 e5 4.
Bb2 g6 5. dxe5 Bg7 6. e4 Nh6 7. Bc4 O-O 8. O-O Ng4 9. Nbd2 Ndxe5 10. Nxe5 Nxe5 11. Qc1 Bh6 12. f4 Nxc4 13. Nxc4 d5 14. exd5 Qxd5 15. Qe3 Bg7 16. Bxg7 Kxg7 17. Rad1 Qf5 18.
Qc3+ Qf6 19. Ne5 c6 20. Qb4 a5 21. Qb6 Bf5 22. c4 Qe7 23. Rfe1 Qb4 24. Qd4 f6 25. g4 Rad8 26. Qb2 Rxd1 27. Rxd1 Be6 28. Nd3 Qb6+ 29. Qf2 Qc7 30. h3 Rd8 31. Nb2 Rxd1+ 32. Nxd1 Qd6 33.
Ne3 h5 34. f5 Bf7 35. fxg6 Bxg6 36. gxh5 Be4 37. h6+ Kh7 38. Ng4 f5 39. Ne3 Qe5 40. Qh4 f4 41. Nf1 b5 42. cxb5 cxb5 43. Qf2 b4 44. Qa7+ Kxh6 45. Qb6+ Kh5 46. Qf2 Qg5+ 47.
Kh2 Qe5 48. Kg1 Kg5 49. Kh2 Qc3 50. Kg1 Kf5 51. Kh2 Ke5 52. h4 Qd4 53. Qxd4+ Kxd4 54. Nd2 Bf5 55. Nc4 a4 56. Na5 a3 57. h5 Kc3 58. Nc6 Be4 59. h6 f3 60. Kg3 Kd2 61.
Kf2 Kc3 62. Ke3 Bh7 63. Kxf3 Bb1 64. Ke3 Bc2 65. Kf4 Bd3 66. Ke5 Bh7 67. Kd6 Be4 68. Kc5 Kb2 69. Nxb4 Bg6 70. Kd4 Bh7 71. Kc4 Bg8+ 72.
Kb5 Bh7 73. Ka4 Bg6 74. Ka5 Bh7 75. Kb5 Bg6 76. Ka4 Be8+ 77. Ka5 Bg6 78. Kb5 Be8+ 79. Kc4 Bg6 80. Kd4 Bh7 81. Ke5 Kc3 82. Nd5+ Kb2 83. Nb4 Kc3 84. Nd5+ Kb2 85. Kd4 Kxa2 86. Kc3 Kb1 87.
Nb4 Bg8 88. Kd3 Kb2 89. Kd4 Kxb3 90. Kc5 Bh7 91. Kb5 Bf5 92. Kc5 Bg6 93. Kb5 Be8+ 94. Kc5 Bg6 95. Kb5 Bb1 96. Kc5 Ka4 97. Kc4 Bh7 98.
Kc3 Bg8 99. Nc2 a2 100. Kb2 Kb5 101. Nd4+ Kc4 102. Nf5 Bh7 103. Nd6+ Kc5 104. Nf7 Bb1 105. Ng5 Kd6 106. h7 Bxh7 107. Nxh7 a1=Q+ 108. Kxa1 1/2-1/2